 Dungeon Crawl Stone Soup version 0.31-a0-532-g28f74ba3e5 (webtiles) character file.

Game seed: 2951555494366068756

4570 Newt the Thrower (level 10, -7/80 HPs)
             Began as a Demonspawn Fighter on Aug 11, 2023.
             Was a Priest of Makhleb.
             Mangled by a two-headed ogre
             ... wielding a +0 giant club
              (30 damage)
             ... on level 9 of the Dungeon on Aug 12, 2023.
             The game lasted 00:09:59 (10338 turns).

Newt the Thrower (Demonspawn Fighter)              Turns: 10338, Time: 00:10:00

Health: -7/80      AC:  8    Str: 26    XL:     10   Next: 18%
Magic:  10/10      EV: 14    Int: 12    God:    Makhleb [***...]
Gold:   1325       SH: 11    Dex: 19    Spells: 9/9 levels left

rFire   + + .        B - +0 hand axe (elec)
rCold   + . .        c - +0 buckler
rNeg    . . .        u - +0 leather armour "Zoxum" {Fly rElec rF+ Int+2}
rPois   .            (no helmet)
rElec   +            H - scarf {rC+ rF+}
rCorr   .            (no gloves)
SInv    .            e - +2 pair of boots {Fly}
Will    +....        m - amulet of reflection
Stlth   +            K - +6 ring of dexterity
HPRegen 0.33/turn    w - +6 ring of strength
MPRegen 0.12/turn

%: reflection
@: flying, studying Throwing
A: molten scales 1, demonic guardian 2, spiny 1, demonic touch 1, strong-willed
1
a: Renounce Religion, Minor Destruction, Lesser Servant of Makhleb


You were on level 9 of the Dungeon.
You worshipped Makhleb.
Makhleb was most pleased with you.
You visited 2 branches of the dungeon, and saw 10 of its levels.
You also visited: Bailey.

You collected 1325 gold pieces.

Inventory:

Hand Weapons
 a - a +1 rapier
 y - a +1 dagger of venom
 B - a +0 hand axe of electrocution (weapon)
Missiles
 i - 40 poisoned darts
Armour
 b - a +0 scale mail
 c - a +0 buckler (worn)
 e - a +2 pair of boots of flying (worn)
 u - the +0 leather armour "Zoxum" (worn) {Fly rElec rF+ Int+2}
   (You found it on level 2 of the Dungeon)

   Int+2:     It affects your intelligence (+2).
   rF+:       It protects you from fire.
   rElec:     It insulates you from electricity.
   Fly:       It grants you flight.
 H - a scarf of resistance (worn)
 I - a +4 ring mail
Jewellery
 f - a ring of positive energy
 m - an amulet of reflection (around neck)
 w - a +6 ring of strength (right hand)
 C - an amulet of the acrobat
 K - a +6 ring of dexterity (left hand)
Wands
 o - a wand of paralysis (3)
 L - a wand of iceblast (8)
 M - a wand of polymorph (6)
Scrolls
 g - a scroll of fear
 n - 5 scrolls of teleportation
 s - a scroll of blinking
 z - a scroll of poison
 A - a scroll of amnesia
 D - a scroll of immolation {unknown}
 E - 2 scrolls of noise {unknown}
 J - a scroll of fog
 O - a scroll of enchant armour {unknown}
Potions
 d - 5 potions of might
 h - a potion of lignification
 j - a potion of invisibility
 k - 3 potions of magic
 l - a potion of degeneration
 p - 2 potions of attraction
 q - 3 potions of resistance
 r - 3 potions of mutation
 t - 2 potions of curing
 v - a potion of berserk rage
 x - 4 potions of heal wounds
 F - 3 potions of brilliance {unknown}
 G - 2 potions of haste {unknown}


   Skills:
 - Level 8.0 Fighting
 - Level 3.0 Short Blades
 - Level 5.0 Axes
 + Level 9.7 Throwing
 - Level 5.0 Armour
 - Level 5.0 Dodging
 - Level 5.0 Shields


You had 9 spell levels left.
You didn't know any spells.
Your spell library contained the following spells:

 Spells                   Type           Power      Damage    Failure   Level
 Ensorcelled Hibernation  Hex/Ice        0%         N/A       54%         2
 Passwall                 Tmut/Erth      0%         N/A       54%         2
 Sublimation of Blood     Necr           0%         N/A       54%         2
 Swiftness                Air            0%         N/A       78%         3
 Petrify                  Tmut/Erth      0%         N/A       99%         4
 Irradiate                Conj/Tmut      0%         3d11      100%        5
 Summon Forest            Summ/Tloc      0%         N/A       100%        5
 Summon Mana Viper        Hex/Summ       0%         N/A       100%        5
 Summon Cactus Giant      Summ           0%         N/A       100%        6


Dungeon Overview and Level Annotations

Branches:
Dungeon (9/15)             Temple (1/1) D:5          Bailey (visited)
   Lair: D:8-11         Orc: D:9-12

Altars:
Ashenzari
Dithmenos
Fedhas
Gozag
Hepliaklqana
Kikubaaqudgha
Makhleb
Nemelex Xobeh
Okawaru
Ru
Sif Muna
Uskayaw
Vehumet
Wu Jian
Xom
Yredelemnul


Innate Abilities, Weirdness & Mutations

You are partially covered in molten scales. (AC +2)
A demonic guardian rushes to your aid.
You are partially covered in sharp spines.
Your touch may inflict minor irresistible damage on your foes.
You are strong-willed. (Will+)


Message History

You hit the kobold.
You kill the kobold!
Makhleb accepts your kill.
The kobold brigand is struck by your spines.
The kobold brigand closely misses you.
You hit the kobold brigand.
Lightning courses through the kobold brigand!
You kill the kobold brigand!
Makhleb accepts your kill.
You feel better.
You hit the two-headed ogre. The two-headed ogre closely misses you.
The two-headed ogre hits you with a +0 giant spiked club!
You slash the two-headed ogre!
The two-headed ogre is lightly wounded.
You hit the kobold brigand but do no damage.
Lightning courses through the kobold brigand!
A kobold comes into view. It is wielding a +0 dagger.
Unknown command.
The kobold shouts!
You hit the two-headed ogre but do no damage.
Lightning courses through the two-headed ogre!!
The two-headed ogre is heavily wounded.
You hit the kobold brigand but do no damage.
The two-headed ogre hits you with a +0 giant club!!
You block the two-headed ogre's attack. The kobold brigand closely misses you.
You hit the two-headed ogre but do no damage.
Lightning courses through the two-headed ogre!
The two-headed ogre is severely wounded.
You barely miss the kobold brigand. You slash the kobold!
You kill the kobold!
Makhleb accepts your kill. You block the kobold brigand's attack.
The two-headed ogre hits you with a +0 giant club!
The two-headed ogre hits you with a +0 giant spiked club!
* * * LOW HITPOINT WARNING * * *
You hit the two-headed ogre.
The two-headed ogre is severely wounded.
You hit the kobold brigand. The kobold brigand closely misses you.
The two-headed ogre hits you with a +0 giant club!!
You die...

########
##......#
#/......#
#.......##.
#..........
#..KO......
#.@).K.#
##.###.##
+..# #..#
#..# #..#
##.#
###.########
#....#.....#


You could see a two-headed ogre, a kobold brigand and a kobold.

Vanquished Creatures
  An orc knight (Bailey)
  An unseen horror zombie (D:8)
  Grinder (D:5)
  Prince Ribbit (D:5)
  Sigmund (D:4)
  A steam dragon (D:7)
  An acid dragon (D:8)
  A water moccasin (D:6)
  2 sky beasts
  An ogre (D:7)
  4 ice beasts
  2 centaurs (D:8)
  5 kobold brigands
  A bullfrog (D:8)
  A wyvern zombie (D:8)
  A gnoll sergeant (D:6)
  3 scorpions
  3 howler monkeys
  3 centaur zombies (D:8)
  3 orc priests
  5 hounds
  A gnoll bouda (D:5)
  A jelly (D:5)
  3 iguanas
  3 sleepcaps
  4 orc wizards
  Natasha (D:2)
  A killer bee zombie (D:8)
  2 howler monkey zombies (D:8)
  Robin (D:4)
  16 gnolls
  8 adders
  A shadow imp (D:6)
  An ufetubus (D:5)
  3 worms (D:2)
  2 dart slugs (D:2)
  40 orcs
  7 ball pythons
  4 bats
  12 endoplasms
  6 giant cockroaches
  16 goblins
  5 hobgoblins
  8 jackals (D:1)
  4 quokkas
  A frilled lizard (D:2)
  37 kobolds
  2 rats
232 creatures vanquished.

Vanquished Creatures (collateral kills)
  A black bear (D:2)
  An ice beast (D:6)
  Natasha (twice) (D:2)
  An adder (D:2)
  2 gnolls
  A white imp (D:6)
  An orc (D:4)
  3 goblins (D:4)
  2 hobgoblins (D:4)
  A frilled lizard (D:3)
15 creatures vanquished.

Grand Total: 247 creatures vanquished

Notes
Turn   | Place    | Note
-------+----------+-------------------------------------------
     0 | D:1      | Newt the Demonspawn Fighter began the quest for the Orb.
     0 | D:1      | Reached XP level 1. HP: 18/18 MP: 1/1
   250 | D:1      | Gained mutation: You are partially covered in molten
                  | scales. (AC +2) [demonic ancestry]
   250 | D:1      | Reached XP level 2. HP: 24/24 MP: 2/2
   461 | D:1      | Gained mutation: A weak demonic guardian rushes to your
                  | aid. [demonic ancestry]
   461 | D:1      | Reached XP level 3. HP: 29/29 MP: 3/3
   671 | D:1      | Found a faded altar of an unknown god.
   977 | D:2      | Noticed Natasha
   988 | D:2      | Killed Natasha
  1303 | D:2      | Reached XP level 4. HP: 36/37 MP: 4/4
  1416 | D:2      | Noticed Natasha
  1428 | D:2      | Killed Natasha
  1999 | D:2      | Noticed Natasha
  2029 | D:2      | Killed Natasha
  2030 | D:2      | Reached skill level 5 in Fighting
  2030 | D:2      | Gained mutation: Your touch may inflict minor irresistible
                  | damage on your foes. [demonic ancestry]
  2030 | D:2      | Reached XP level 5. HP: 8/44 MP: 5/5
  2537 | D:2      | Noticed a black bear
  2548 | D:2      | Killed a black bear
  2638 | D:2      | Identified the +0 leather armour "Zoxum" {Fly rElec rF+
                  | Int+2}
  2995 | D:3      | Gained mutation: You are partially covered in sharp spines.
                  | [demonic ancestry]
  2995 | D:3      | Reached XP level 6. HP: 49/51 MP: 6/6
  3748 | D:4      | Identified a scroll of acquirement
  3748 | D:4      | Acquired 856 gold pieces
  3810 | D:4      | Reached skill level 5 in Shields
  4055 | D:4      | Reached XP level 7. HP: 13/56 MP: 7/7
  4320 | D:4      | Noticed Robin
  4333 | D:4      | Killed Robin
  4455 | D:4      | Noticed Sigmund
  4487 | D:4      | Killed Sigmund
  4488 | D:4      | Reached skill level 5 in Armour
  5536 | D:5      | Entered Level 5 of the Dungeon
  5537 | D:5      | Upgraded the game from 0.31-a0-523-g071a6c1ffa to
                  | 0.31-a0-532-g28f74ba3e5
  5632 | D:5      | Found a large runed translucent door.
  5632 | D:5      | Noticed Prince Ribbit
  5633 | D:5      | Found a large runed translucent door.
  5644 | D:5      | Killed Prince Ribbit
  5957 | D:5      | Found a staircase to the Ecumenical Temple.
  5962 | D:5      | Reached XP level 8. HP: 65/65 MP: 8/8
  5980 | Temple   | Entered the Ecumenical Temple
  5989 | Temple   | Became a worshipper of Makhleb the Destroyer
  6406 | D:5      | Noticed Grinder
  6420 | D:5      | Paralysed by Grinder for 5 turns
  6422 | D:5      | Killed Grinder
  6649 | D:5      | Found a hazy altar of Hepliaklqana.
  6659 | D:5      | Found an opulent altar of Gozag.
  6734 | D:6      | Acquired a manual of Throwing
  7007 | D:6      | Reached * piety under Makhleb
  7045 | D:6      | Reached skill level 5 in Dodging
  7046 | D:6      | Reached skill level 1 in Axes
  7046 | D:6      | Gained mutation: A demonic guardian rushes to your aid.
                  | [demonic ancestry]
  7046 | D:6      | Reached XP level 9. HP: 43/74 MP: 9/9
  7605 | D:6      | Gained mutation: You are strong-willed. (Will+) [potion of
                  | mutation]
  7605 | D:6      | Gained mutation: You are frail. (-10% HP) [potion of
                  | mutation]
  7605 | D:6      | Lost mutation: You are frail. (-10% HP) [potion of
                  | mutation]
  7802 | D:7      | Found a flagged portal.
  7812 | Bailey   | Entered a bailey
  7844 | Bailey   | Reached ** piety under Makhleb
  7966 | Bailey   | Noticed an orc knight
  7974 | Bailey   | Killed an orc knight
  7975 | Bailey   | Reached skill level 5 in Axes
  7975 | Bailey   | Reached skill level 3 in Throwing
  8278 | D:7      | Acquired a scarf of resistance
  8302 | D:7      | Reached skill level 4 in Throwing
  8649 | D:7      | Reached skill level 5 in Throwing
  8818 | D:7      | Reached skill level 6 in Throwing
  9213 | D:7      | Reached skill level 7 in Throwing
  9611 | D:8      | Reached skill level 8 in Throwing
  9611 | D:8      | Reached XP level 10. HP: 72/80 MP: 10/10
  9637 | D:8      | Found a basalt altar of Yredelemnul.
  9789 | D:8      | Reached *** piety under Makhleb
  9790 | D:8      | Reached skill level 9 in Throwing
  9921 | D:8      | Found a sparkling altar of Nemelex Xobeh.
 10328 | D:9      | Noticed a two-headed ogre
 10338 | D:9      | Mangled by a two-headed ogre

Illustrated notes

Levels and vault maps discovered:
D:1:      co_arrival_square_in_a_square_in_a_square, layout_loops_ring,
          shapermc_ecumenical_altar_venn
D:2:      minmay_inner_zag, layout_basic, chequers_arboretum, uniq_natasha
D:3:      layout_loops_corners
D:4:      layout_layer_cave, uniq_sigmund, uniq_robin
D:5:      layout_loops_corners, jmf_multi_god_temple2,
          minmay_temple_entry_mini_moons, grunt_ministairs_2,
          uniq_prince_ribbit1, uniq_grinder
D:6:      layout_cave_pools
D:7:      layout_basic, enter_bailey_3
D:8:      layout_loops_ring, mainiacjoe_overflow_small_starburst,
          nicolae_yredelemnul_corpse_copse
D:9:      minmay_clustersquares, layout_gridville, mainiacjoe_overflow_alcove_3,
          minmay_crystal_water, nzn_sisyphean_effort, uniq_joseph
Temple:   nicolae_temple_two_arcs

Skill      XL: |  1  2  3  4  5  6  7  8  9 10 |
---------------+-------------------------------+-----
Short Blades   | 2 3 |  3.0
Fighting       | 4 5 6 8 |  8.0
Shields        | 3 4 5 |  5.0
Armour         | 3 5 |  5.0
Dodging        | 5 |  5.0
Axes           | 1 5 |  5.0
Throwing       | 8 9 |  9.7

Action                     |  1- 3 |  4- 6 |  7- 9 | 10-12 || total
---------------------------+-------+-------+-------+-------++-------
  Melee: Rapier            |   139 |   243 |    13 |       ||   395
         Dagger            |       |       |   189 |       ||   189
         Hand axe          |       |       |   229 |    52 ||   281
    Use: Scroll            |     4 |     8 |     8 |     1 ||    21
         Potion            |       |       |     3 |     1 ||     4
   Stab: Distracted        |       |     1 |       |       ||     1
         Sleeping          |       |       |     2 |       ||     2
 Armour: Scale mail        |    71 |    46 |       |       ||   117
         Leather armour    |       |    28 |    96 |    18 ||   142
  Dodge: Dodged            |    68 |    81 |   188 |    40 ||   377
  Block: Buckler           |    41 |   120 |   233 |    39 ||   433
         Reflection        |       |     1 |     3 |     3 ||     7

Table legend: (Time is in decaauts)
 A = Elapsed time spent in this place.
 B = Non-inter-level travel time spent in this place.
 C = Inter-level travel time spent in this place.
 D = Time resting spent in this place.
 E = Time spent auto-exploring this place.
 F = Levels seen in this place.
 G = Mean time per level.
                   A        B        C        D        E       F      G
               +--------+--------+--------+--------+--------+-----+--------+
         Total |  10396 |  10058 |    338 |   1625 |   6691 |  11 |  945.1 |
       Dungeon |   9905 |   9584 |    321 |   1625 |   6389 |   9 | 1100.6 |
        Temple |     18 |      1 |     17 |      0 |      0 |   1 |   18.0 |
        Bailey |    471 |    471 |      0 |      0 |    302 |   1 |  471.0 |
               +--------+--------+--------+--------+--------+-----+--------+

Top non-repeatable levels by time:
     D:2: 1924 daAuts
     D:4: 1790 daAuts
     D:7: 1184 daAuts
     D:5: 1145 daAuts
     D:6: 1040 daAuts
     D:3: 939 daAuts
     D:8: 932 daAuts
     D:1: 917 daAuts
  Bailey: 471 daAuts
     D:9: 30 daAuts
  Temple: 18 daAuts
